 Dungeon Crawl Stone Soup version 0.24.0-28-g17ded55e90 (webtiles) character file.

Game seed: 13705500240545104757, levelgen mode: deterministic

26553 Descartes the Martial Artist (level 13, -3/61 HPs)
             Began as a Vine Stalker Monk on Nov 13, 2019.
             Was the Champion of Cheibriados.
             Splashed by a brown ugly thing's acid (7 damage)
             ... on level 14 of the Dungeon.
             The game lasted 00:40:29 (11508 turns).

Descartes the Martial Artist (Vine Stalker Monk)   Turns: 11508, Time: 00:40:29

Health: -3/61      AC: -2    Str: 31    XL:     13   Next: 26%
Magic:  0/20       EV: 18    Int: 27    God:    Cheibriados [******]
Gold:   363        SH: 13    Dex: 33    Spells: 7/20 levels left

rFire    + . .     SeeInvis .     - Unarmed
rCold    + . .     Gourm    .   A - +0 shield
rNeg     . . .     Faith    .   t - +0 troll leather armour
rPois    +         Spirit   +   (helmet restricted)
rElec    .         Reflect  .   c - +2 cloak {rPois}
rCorr    .         Harm     .   q - +2 pair of gloves
MR       +....     Rnd*Tele +   Z - +0 pair of boots
Stlth    +++++.....             U - amulet of regeneration
HPRegen  1.80/turn              u - ring of stealth
MPRegen  0.17/turn              d - ring of protection from cold

@: corroded, very slow
A: antennae 1, fangs 3, fire resistance 1, regeneration 2, teleportitis 1, magic
shield, antimagic bite, no potion heal 3, rot immunity
a: Bend Time, Temporal Distortion, Slouch, Step From Time, Renounce Religion


You were on level 14 of the Dungeon.
You worshipped Cheibriados.
Cheibriados was exalted by your worship.
You were hungry.

You visited 2 branches of the dungeon, and saw 15 of its levels.

You collected 663 gold pieces.
You spent 300 gold pieces at shops.

Inventory:

Hand Weapons
 a - the +9 trident "Okkixt" {holy, +Fly Int+2}
   (You found it on level 6 of the Dungeon)

   It has been blessed by the Shining One to cause great damage to the undead
   and demons.
   It affects your intelligence (+2).
   It lets you fly.
Missiles
 e - 350 stones
 f - 8 javelins
 g - 68 bolts
 r - 231 arrows
 v - 15 boomerangs (quivered)
 x - 15 large rocks
 F - 50 poisoned darts
 G - 28 sling bullets
 L - 2 throwing nets
 O - 10 curare-tipped darts
Armour
 c - a +2 cloak of poison resistance (worn)
 q - a +2 pair of gloves (worn)
 t - a +0 troll leather armour (worn)
 A - a +0 shield (worn)
 Y - a +2 robe of positive energy
 Z - a +0 pair of boots (worn)
Jewellery
 d - a ring of protection from cold (right hand)
 l - an uncursed ring of protection from fire
 u - a ring of stealth (left hand)
 D - an uncursed amulet of magic regeneration
 U - an amulet of regeneration (around neck)
Wands
 s - a wand of flame (17)
 y - a wand of enslavement (1)
 E - a wand of paralysis (18)
Scrolls
 h - 2 scrolls of remove curse
 j - a scroll of enchant armour {unknown}
 k - 3 scrolls of fog {unknown}
 o - 3 scrolls of fear {unknown}
 p - 10 scrolls of teleportation
 w - 2 scrolls of identify
 C - 2 scrolls of magic mapping {unknown}
 N - 3 scrolls of blinking {unknown}
 P - a scroll of silence {unknown}
 T - a scroll of enchant weapon {unknown}
 W - a scroll of noise {unknown}
Potions
 i - 2 potions of brilliance
 m - 2 potions of agility {unknown}
 n - 3 potions of lignification
 z - a potion of flight
 B - a potion of haste {unknown}
 J - 2 potions of might
 Q - a potion of degeneration {unknown}
 V - a potion of invisibility {unknown}
Comestibles
 b - 23 rations
 H - 5 chunks of flesh


   Skills:
 - Level 4.0 Fighting
 + Level 6.6 Armour
 + Level 7.2 Dodging
 - Level 5.0 Stealth
 + Level 5.6 Shields
 * Level 11.7 Unarmed Combat
 + Level 4.4 Spellcasting
 + Level 2.9 Charms
 + Level 4.3 Necromancy
 * Level 1.1 Transmutations
 + Level 7.7 Invocations
 + Level 7.0 Evocations


You had 7 spell levels left.
You knew the following spells:

 Your Spells              Type           Power        Failure   Level  Hunger
a - Beastly Appendage     Tmut           ##....       17%         1    None
b - Regeneration          Chrm/Necr      ####......   19%         3    ##.....
c - Song of Slaying       Chrm           ###.....     13%         2    None
d - Sticks to Snakes      Tmut           ##......     26%         2    None
e - Blade Hands           Tmut           ##........   99%         5    #####..

Your spell library contained the following spells:

 Spells                   Type           Power        Failure   Level  Hunger
 Infusion                 Chrm           ###.         9%          1    None
 Shroud of Golubria       Chrm/Tloc      ##....       22%         2    None
 Summon Small Mammal      Summ           #...         28%         1    None
 Call Imp                 Summ           #.......     38%         2    None
 Spectral Weapon          Hex/Chrm       ##......     41%         3    ##.....
 Spider Form              Tmut/Pois      #.........   54%         3    ##.....
 Call Canine Familiar     Summ           #.......     63%         3    ##.....
 Summon Guardian Golem    Hex/Summ       #.......     63%         3    ##.....
 Ice Form                 Ice/Tmut       #.......     91%         4    ####...
 Summon Ice Beast         Ice/Summ       #.......     95%         4    ####...
 Summon Lightning Spire   Summ/Air       #.......     95%         4    ####...


Dungeon Overview and Level Annotations

Branches:
Dungeon (14/15)            Temple (1/1) D:6            Lair (0/6) D:11
    Orc (0/2) D:10
 Vaults: D:13-14

Altars:
Ashenzari
Cheibriados
Dithmenos
Elyvilon
Fedhas
Gozag
Hepliaklqana
Kikubaaqudgha
Makhleb
Nemelex Xobeh
Okawaru
Qazlal
Ru
Sif Muna
Trog
Uskayaw
Vehumet
Wu Jian
Xom
Yredelemnul
Zin
The Shining One

Shops:
D:7 :   D:11 (   D:13 :


Innate Abilities, Weirdness & Mutations

You have razor-sharp teeth.
You heal very quickly.
When hurt, damage is shared between your health and your magic reserves.
Your bite disrupts and absorbs the magic of your enemies.
Potions cannot restore your health.
You are immune to rotting.
You have a pair of small antennae on your head.
Your flesh is heat resistant. (rF+)
You are occasionally teleported next to monsters.


Message History

The brown ugly thing tail-slaps you!
* * * LOW HITPOINT WARNING * * *
You are splashed with acid!
* * * LOW HITPOINT WARNING * * *
The brown ugly thing misses you.
You block the brown ugly thing's attack. x2
The centaur wields a +0 shortbow.
The centaur shoots an arrow.
You block the arrow.
The cyan ugly thing basks in the mutagenic energy from its kin and changes!
The brown ugly thing misses you. The brown ugly thing tail-slaps you.
* * * LOW HITPOINT WARNING * * *
You are splashed with acid.
* * * LOW HITPOINT WARNING * * *
The cyan ugly thing closely misses you.
The centaur shoots an arrow.
You block the arrow.
The crimson imp blinks!
You block the brown ugly thing's attack.
The brown ugly thing bites you!
* * * LOW HITPOINT WARNING * * *
You are splashed with acid!
You die...

#+## #... ##
#...####.#
#........#
#........#
#........#
#...@....#
#..uuu...#
#..cc....#
#........##
+...u.....#
#.(ยง......#{
#..)(.....#
###(#######
.......).{.....


You could see 4 ugly things and 2 centaurs.

Vanquished Creatures
  The ghost of Luseeria the Thaumaturge, a journeyman GrEE of Vehumet (D:13)
  Josephine (D:10)
  A hydra (D:10)
  3 two-headed ogres
  Sonja (D:11)
  2 unseen horrors (D:13)
  Pikel (D:8)
  An orange crystal statue (D:11)
  2 deep elf magi
  7 ugly things
  2 cyclopes
  Maurice (D:11)
  A komodo dragon (D:13)
  4 trolls
  6 hippogriffs
  3 slime creatures (D:13)
  A wyvern (D:9)
  9 yaks
  A hungry ghost (D:9)
  7 wraiths
  3 wargs (D:11)
  An acid dragon (D:12)
  A soldier ant (D:13)
  4 water moccasins
  2 ice beasts
  7 orc warriors
  An ice beast (shapeshifter) (D:13)
  A hornet zombie (D:12)
  4 sky beasts
  8 ogres
  3 phantoms
  2 black bears (D:13)
  An eye of draining (D:13)
  A slave (D:8)
  A necrophage (D:11)
  8 centaurs
  3 big kobolds
  A gnoll sergeant (D:13)
  7 bullfrogs
  4 scorpions
  3 killer bees (D:11)
  2 spriggan skeletons (D:13)
  17 wights
  A troll skeleton (D:13)
  3 howler monkeys
  3 centaur zombies
  5 crimson imps
  A bullfrog zombie (D:8)
  A quasit (D:6)
  4 jellies
  10 orc priests
  20 orc wizards
  6 centaur skeletons
  4 iguanas
  Ijyb (D:3)
  7 worker ants
  A killer bee zombie (D:6)
  A worker ant zombie (D:9)
  A howler monkey skeleton (D:6)
  12 adders
  17 gnolls
  4 shadow imps
  An adder skeleton (D:6)
  An adder zombie (D:9)
  4 worms
  A dart slug (D:1)
  5 leopard geckos
  32 orcs
  8 bats
  2 giant cockroaches (D:1)
  19 goblins
  10 hobgoblins
  14 jackals
  4 quokkas
  2 ball pythons
  6 frilled lizards
  A jackal skeleton (D:7)
  24 kobolds
  A leopard gecko skeleton (D:5)
  5 rats
  3 rat zombies (D:3)
385 creatures vanquished.

Vanquished Creatures (others)
  An orc (D:11)
1 creature vanquished.

Grand Total: 386 creatures vanquished

Notes
Turn   | Place    | Note
-------+----------+-------------------------------------------
     0 | D:1      | Descartes the Vine Stalker Monk began the quest for the
                  | Orb.
     0 | D:1      | Reached XP level 1. HP: 11/11 MP: 2/2
   102 | D:1      | Reached XP level 2. HP: 11/16 MP: 3/3
   274 | D:1      | Reached XP level 3. HP: 6/19 MP: 2/4
   769 | D:1      | Reached skill level 1 in Spellcasting
   988 | D:1      | Gained mutation: Your natural rate of healing is unusually
                  | fast. [Vine Stalker growth]
   988 | D:1      | Reached XP level 4. HP: 22/24 MP: 6/6
  1095 | D:2      | Found a hazy altar of Hepliaklqana.
  1357 | D:2      | Reached skill level 1 in Armour
  1395 | D:2      | Reached XP level 5. HP: 28/28 MP: 8/8
  1435 | D:2      | Found a faded altar of an unknown god.
  1708 | D:2      | Became a worshipper of Cheibriados the Contemplative
  1708 | D:2      | Reached * piety under Cheibriados
  1708 | D:2      | Reached ** piety under Cheibriados
  1735 | D:3      | Reached skill level 4 in Unarmed Combat
  1849 | D:3      | Noticed Ijyb
  1853 | D:3      | Reached *** piety under Cheibriados
  1877 | D:3      | Killed Ijyb
  2290 | D:3      | Found an ancient bone altar of Kikubaaqudgha.
  2600 | D:4      | Found a shimmering altar of Xom.
  2605 | D:4      | Noticed a phantom
  2650 | D:4      | Killed a phantom
  2650 | D:4      | Reached XP level 6. HP: 28/32 MP: 9/9
  2706 | D:4      | Noticed a phantom
  2736 | D:4      | Killed a phantom
  2736 | D:4      | Reached **** piety under Cheibriados
  2736 | D:4      | Reached XP level 7. HP: 36/36 MP: 11/11
  2865 | D:4      | Reached skill level 1 in Shields
  2865 | D:4      | Reached skill level 1 in Invocations
  2980 | D:4      | Reached skill level 1 in Evocations
  3087 | D:4      | Found a snail-covered altar of Cheibriados.
  3109 | D:4      | Reached skill level 5 in Unarmed Combat
  3198 | D:4      | Found a white marble altar of Elyvilon.
  3695 | D:5      | Entered Level 5 of the Dungeon
  3792 | D:5      | Gained mutation: You have razor-sharp teeth. [Vine Stalker
                  | growth]
  3792 | D:5      | Reached XP level 8. HP: 42/42 MP: 11/13
  3868 | D:5      | Found a bloodstained altar of Trog.
  3882 | D:5      | Reached ***** piety under Cheibriados
  4522 | D:6      | Found a staircase to the Ecumenical Temple.
  4531 | Temple   | Entered the Ecumenical Temple
  4607 | D:6      | Reached skill level 5 in Stealth
  4854 | D:6      | Got a scorched trident
  4855 | D:6      | Identified the +9 trident "Okkixt" {holy, +Fly Int+2} (You
                  | found it on level 6 of the Dungeon)
  5085 | D:6      | Gained mutation: You are clumsy. (Dex -2) [potion of
                  | mutation]
  5085 | D:6      | Gained mutation: Your mind is acute. (Int +2) [potion of
                  | mutation]
  5085 | D:6      | Gained mutation: You are resistant to hostile enchantments.
                  | (MR+) [potion of mutation]
  5085 | D:6      | Gained mutation: Your spells are a little harder to cast,
                  | but a little more powerful. [potion of mutation]
  5086 | D:6      | Lost mutation: Your spells are a little harder to cast, but
                  | a little more powerful. [potion of mutation]
  5086 | D:6      | Lost mutation: You are clumsy. (Dex -2) [potion of
                  | mutation]
  5086 | D:6      | Lost mutation: Your mind is acute. (Int +2) [potion of
                  | mutation]
  5086 | D:6      | Gained mutation: Your flesh is heat resistant. (rF+)
                  | [potion of mutation]
  5086 | D:6      | Gained mutation: Your body sometimes deteriorates upon
                  | taking damage. [potion of mutation]
  5086 | D:6      | Gained mutation: You expend magic power (3 MP) to
                  | strengthen your wands. [potion of mutation]
  5339 | D:7      | Reached skill level 6 in Unarmed Combat
  5366 | D:7      | Found a stormy altar of Qazlal.
  5368 | D:7      | Noticed a water elemental
  5368 | D:7      | Noticed an air elemental
  5377 | D:7      | Reached XP level 9. HP: 45/45 MP: 14/14
  5461 | D:7      | Found Bupruh's Book Emporium.
  5516 | D:7      | Found a snail-covered altar of Cheibriados.
  6006 | D:8      | Noticed a two-headed ogre
  6012 | D:8      | Killed a two-headed ogre
  6012 | D:8      | Reached skill level 7 in Unarmed Combat
  6158 | D:8      | Noticed Pikel
  6164 | D:8      | Reached XP level 10. HP: 48/49 MP: 15/15
  6171 | D:8      | Killed Pikel
  6171 | D:8      | Reached skill level 8 in Unarmed Combat
  6469 | D:8      | Reached skill level 5 in Dodging
  6512 | D:8      | Noticed a two-headed ogre
  6524 | D:8      | Killed a two-headed ogre
  6530 | D:8      | Reached skill level 5 in Invocations
  6944 | D:9      | Reached ****** piety under Cheibriados
  6955 | D:9      | Found an iron altar of Okawaru.
  7018 | D:9      | Learned a level 3 spell: Regeneration
  7021 | D:9      | Learned a level 2 spell: Song of Slaying
  7165 | D:9      | Reached skill level 9 in Unarmed Combat
  7179 | D:9      | Lost mutation: You are resistant to hostile enchantments.
                  | (MR+) [potion of mutation]
  7179 | D:9      | Lost mutation: Your body sometimes deteriorates upon taking
                  | damage. [potion of mutation]
  7179 | D:9      | Lost mutation: You expend magic power (3 MP) to strengthen
                  | your wands. [potion of mutation]
  7179 | D:9      | Gained mutation: You are occasionally teleported next to
                  | monsters. [potion of mutation]
  7179 | D:9      | Gained mutation: You have a pair of small antennae on your
                  | head. [potion of mutation]
  7250 | D:9      | Noticed a two-headed ogre
  7259 | D:9      | Killed a two-headed ogre
  7259 | D:9      | Reached XP level 11. HP: 14/53 MP: 16/16
  7262 | D:9      | Reached skill level 5 in Evocations
  7326 | D:9      | Noticed a cyan ugly thing
  7333 | D:9      | Killed a cyan ugly thing
  7333 | D:9      | Reached skill level 5 in Armour
  7660 | D:10     | Entered Level 10 of the Dungeon
  7664 | D:10     | Found a staircase to the Orcish Mines.
  7754 | D:10     | Noticed Josephine
  7756 | D:10     | Found a sparkling altar of Nemelex Xobeh.
  8169 | D:10     | Noticed an eight-headed hydra
  8176 | D:10     | Killed an eight-headed hydra
  8176 | D:10     | Reached skill level 10 in Unarmed Combat
  8230 | D:10     | Killed Josephine
  8230 | D:10     | Reached skill level 1 in Necromancy
  8471 | D:11     | Found Liweost's Antique Weapon Shop.
  8542 | D:11     | Found a staircase to the Lair.
  8758 | D:11     | Noticed an orange crystal statue
  8761 | D:11     | Noticed Maurice
  8765 | D:11     | Noticed Sonja
  8773 | D:11     | Killed an orange crystal statue
  8773 | D:11     | Gained mutation: You heal very quickly. [Vine Stalker
                  | growth]
  8773 | D:11     | Reached XP level 12. HP: 58/58 MP: 16/18
  8791 | D:11     | Killed Maurice
  8852 | D:11     | Killed Sonja
  9169 | D:12     | Reached skill level 11 in Unarmed Combat
  9309 | D:12     | Reached skill level 1 in Charms
  9535 | D:12     | Reached skill level 5 in Shields
 10693 | D:13     | Found a runed translucent gate.
 10693 | D:13     | Found a runed translucent gate.
 10693 | D:13     | Found a runed translucent gate.
 10694 | D:13     | Noticed Luseeria's ghost (journeyman GrEE)
 10726 | D:13     | Killed Luseeria's ghost
 10726 | D:13     | Reached XP level 13. HP: 26/61 MP: 13/20
 10772 | D:13     | Found a sacrificial altar of Ru.
 10872 | D:13     | Found Ysayrot's Book Shop.
 10895 | D:13     | Bought a book of Changes for 300 gold pieces
 10900 | D:13     | Learned a level 1 spell: Beastly Appendage
 10903 | D:13     | Learned a level 2 spell: Sticks to Snakes
 10909 | D:13     | Learned a level 5 spell: Blade Hands
 11488 | D:14     | Reached skill level 1 in Transmutations
 11508 | D:14     | Splashed by a brown ugly thing's acid

Levels and vault maps discovered:
D:1:      wheals_arrival_linesprint, layout_basic
D:2:      layout_rooms, overflow_temple_1_default,
          chequers_ecumenical_altar_island
D:3:      kennysheep_the_goblin_king, layout_loops_ring,
          lemuel_zombie_altar_kikubaaqudgha, first_ration
D:4:      layout_gridville, xom_teletrap_fun, lemuel_crystal_altar,
          elyvilon_altar_5
D:5:      layout_basic, basic_altar
D:6:      layout_gridville, minmay_temple_entry_junction
D:7:      layout_basic, nicolae_qazlal_style_of_elements, basic_altar,
          serial_shops, kennysheep_mini_moat
D:8:      layout_basic, grunt_ogre_cave, uniq_pikel
D:9:      layout_loops_ring, okawaru_metal_pillars_3
D:10:     layout_loops_ring, orc_0_dummy, basic_altar, uniq_josephine
D:11:     layout_roguey, erik_lair_orcish_takeover, serial_shops, shop, shop,
          minivault_15, uniq_sonja, uniq_maurice
D:12:     layout_layer_cave, serial_rivers, chequers_serial_rivers_micro_d,
          chequers_serial_rivers_large_a, chequers_serial_rivers_micro_d,
          chequers_serial_rivers_micro_b
D:13:     layout_loops_cross, ebering_ghost_rock_garden, basic_altar,
          serial_shops, shop, hangedman_tell_no_tales
D:14:     layout_irregular_city, david_vaults_5, minivault_27
Temple:   nicolae_temple_x_marks_the_god

Skill      XL: |  1  2  3  4  5  6  7  8  9 10 11 12 13 |
---------------+----------------------------------------+-----
Stealth        | 3 4 5 |  5.0
Fighting       | 3 4 |  4.0
Spellcasting   | 1 2 3 4 |  4.4
Armour         | 1 2 3 4 5 6 |  6.6
Unarmed Combat | 4 5 6 7 9 10 11 | 11.7
Dodging        | 3 4 5 6 7 |  7.2
Shields        | 1 2 3 4 5 |  5.6
Invocations    | 1 2 4 5 6 7 |  7.7
Evocations     | 1 2 3 4 6 7 |  7.0
Necromancy     | 2 4 |  4.3
Charms         | 2 |  2.9
Transmutations | 1 |  1.1

Action                   |  1- 3 |  4- 6 |  7- 9 | 10-12 | 13-15 || total
-------------------------+-------+-------+-------+-------+-------++-------
Melee: Unarmed           |    61 |   147 |   118 |   284 |    90 ||   700
       Bite              |    26 |   115 |   105 |   321 |    60 ||   627
       Dagger            |    56 |   160 |       |       |       ||   216
       Punch             |     1 |     3 |       |       |       ||     4
       Trident           |       |       |    91 |   285 |    17 ||   393
Throw: Boomerang         |       |       |       |       |     4 ||     4
  Use: Scroll            |       |       |     8 |     4 |       ||    12
       Potion            |       |       |     2 |     4 |       ||     6
 Stab: Sleeping          |       |     8 |    12 |     5 |     1 ||    26
       Distracted        |       |       |       |     2 |     1 ||     3
  Eat: Chunk             |       |     5 |     6 |    10 |     1 ||    22
Armor: Ring mail         |    41 |   105 |    39 |       |       ||   185
       Plate armour      |       |       |    14 |   152 |       ||   166
       Troll leather arm |       |       |       |    84 |    35 ||   119
Dodge: Dodged            |    82 |   189 |   115 |   324 |    61 ||   771
Block: Buckler           |       |    15 |    60 |    46 |       ||   121
       Shield            |       |       |       |   335 |    76 ||   411
